 Dungeon Crawl Stone Soup version 0.17-a0-1863-g715b4b0 (webtiles) character file.

336 TruthSerum the Skirmisher (level 6, 0/58 HPs)
             Began as a Minotaur Fighter on Sept 20, 2015.
             Slain by an iguana (5 damage)
             ... on level 4 of the Dungeon.
             The game lasted 00:12:52 (2442 turns).

TruthSerum the Skirmisher (Minotaur Fighter)        Turns: 2442, Time: 00:12:52

Health: 0/58       AC: 10    Str: 21    XL:     6   Next: 28%
Magic:  5/5        EV:  6    Int:  5    God:
Gold:   244        SH: 10    Dex: 11    Spells: 0 memorised, 5 levels left

rFire  . . .     SeeInvis .     a - +0 flail
rCold  . . .     Clarity  .     m - +0 chain mail
rNeg   . . .     SustAt   .     c - +1 shield
rPois  .         Gourm    .     (helmet restricted)
rElec  .         Spirit   .     s - +0 cloak
rCorr  .         Warding  .     (no gloves)
rMut   .         Stasis   .     (no boots)
MR     .....                    (no amulet)
Stlth  ..........               p - ring of invisibility
                                i - ring of flight

@: not resistant to hostile enchantments, extremely unstealthy
A: retaliatory headbutt, horns 2
a: Evoke Invisibility, Evoke Flight


You were on level 4 of the Dungeon.
You were not hungry.

You visited 1 branch of the dungeon, and saw 4 of its levels.
You also visited: Sewer.

You collected 244 gold pieces.

Inventory:

Hand weapons
 a - a +0 flail (weapon)
Armour
 c - a +1 shield (worn)
 m - a +0 chain mail (worn)
 s - a +0 cloak (worn)
Jewellery
 i - a ring of flight (left hand)
 p - a ring of invisibility (right hand)
Scrolls
 g - a scroll of identify
 h - 3 scrolls of enchant weapon
 j - 4 scrolls of teleportation
 n - 2 scrolls of remove curse
Potions
 b - a potion of mutation {unknown}
 d - a potion of might
 k - a potion of curing
 l - a potion of resistance {unknown}
 q - a potion of lignification {unknown}
 r - a potion of haste
Comestibles
 e - 5 bread rations
 f - 5 chunks of flesh
 o - 2 meat rations


   Skills:
 + Level 6.6 Fighting
 + Level 5.1 Maces & Flails
 - Level 3.6 Armour
 - Level 1.4 Dodging
 - Level 1.0 Stealth
 - Level 3.6 Shields


You had 5 spell levels left.
You didn't know any spells.

Dungeon Overview and Level Annotations

Branches:
Dungeon (4/15)
 Temple: D:4-7

Altars:
Cheibriados
Makhleb


Innate Abilities, Weirdness & Mutations

You reflexively headbutt those who attack you in melee.
You have a pair of horns on your head.


Message History

The magic dart hits you!
* * * LOW HITPOINT WARNING * * *
An orc wizard comes into view. It is wielding a dagger of draining.
The orc wizard shouts!
The orc wizard gestures wildly while chanting.
The orc wizard blinks!
An iguana comes into view.
The iguana hisses angrily.
Some of the chunks of flesh in your inventory have rotted away.
You see here 26 bolts.
You see here a ring mail.
There is a stone staircase leading up here.
You start resting.
An iguana is nearby!
You hit the iguana but do no damage. You block the iguana's attack.
You completely miss the iguana. The iguana bites you!
* * * LOW HITPOINT WARNING * * *
You hit the iguana but do no damage. Your headbutt misses the iguana.
The iguana closely misses you. The iguana bites you.
You die...

##........## #.#####
#..........#### #.#....
#.............###.#.###
#...................###
#...............#....#.
#......................
#.........<....####...
##....o.......## ##..
####@lo##.>.## #..
########## ###


You could see an iguana and 2 orcs.

Vanquished Creatures
  A crocodile (Sewer)
  Crazy Yiuf (D:3)
  An orc priest (D:4)
  Jessica (D:3)
  9 adders
  An ooze (D:1)
  2 worms
  3 giant geckos (D:3)
  15 orcs
  A ball python (D:3)
  4 bats
  10 goblins
  5 hobgoblins
  4 jackals
  7 kobolds
  3 quokkas (D:2)
  6 giant cockroaches
  A giant gecko zombie (D:4)
  3 giant newts
  8 rats
86 creatures vanquished.

Vanquished Creatures (others)
  4 toadstools (D:1)
4 creatures vanquished.

Grand Total: 90 creatures vanquished

Notes
Turn   | Place    | Note
--------------------------------------------------------------
     0 | D:1      | TruthSerum the Minotaur Fighter began the quest for the Orb.
     0 | D:1      | Reached XP level 1. HP: 19/19 MP: 0/0
    51 | D:1      | Reached skill level 4 in Fighting
    72 | D:1      | Reached XP level 2. HP: 18/27 MP: 1/1
   400 | D:2      | Reached XP level 3. HP: 15/34 MP: 2/2
   555 | D:2      | Found a burning altar of Makhleb.
   596 | D:2      | Reached skill level 5 in Fighting
   848 | D:2      | Reached XP level 4. HP: 37/42 MP: 3/3
  1000 | D:2      | Found a snail-covered altar of Cheibriados.
  1194 | D:3      | Noticed Jessica
  1199 | D:3      | Killed Jessica
  1199 | D:3      | Reached skill level 1 in Dodging
  1199 | D:3      | Reached skill level 1 in Stealth
  1392 | D:3      | Found a glowing drain.
  1393 | D:3      | Reached XP level 5. HP: 45/48 MP: 4/4
  1416 | Sewer    | Entered a sewer
  1483 | Sewer    | Reached skill level 6 in Fighting
  1715 | D:3      | Noticed Crazy Yiuf
  1722 | D:3      | Killed Crazy Yiuf
  1722 | D:3      | Reached XP level 6. HP: 31/57 MP: 5/5
  2280 | D:4      | Reached skill level 5 in Maces & Flails
  2387 | D:4      | HP: 2/58 [orc wizard/magic dart (7)]
  2442 | D:4      | Slain by an iguana

Vault maps used:
D:1:      ldierk_water_garden, wad_floor_pattern_untrapped
D:2:      lemuel_round_altar, nicolae_overflow_hidden_temple,
          corexii_item_surrounded_by_moat
D:3:      portal_sewer_entry_f, serial_park_tiny_2, grunt_ministairs_12,
          uniq_crazy_yiuf_cottage, uniq_jessica
D:4:      nicolae_overflow_crystal_walls, first_bread, dk_yredelemnul_ordeal
Sewer:    sewer_the_crocodile

Action                   |  1- 3 |  4- 6 || total
-------------------------+-------+-------++-------
Melee: Flail             |    86 |   164 ||   250
 Abil: Evoke Flight      |     1 |       ||     1
  Use: Potion            |     1 |       ||     1
       Scroll            |       |     5 ||     5
  Eat: Chunk             |       |     4 ||     4
       Meat ration       |       |     1 ||     1
